cohdb
Replays
Latest Replays
All Replays
Popular Replays
Top Player Replays
Match Explorer
How It Works
Community
CoH3 Stats
Reddit
Sign in to upload your games and track your stats! →
Sign in with Steam
Match 43300046
Unlisted
Match 43300046
Overview
Messages
Build Orders
End
250 Light Carrier
Selects Armored Support Battlegroup
Panzergrenadier Squad
Panzergrenadier Squad
Construct Light Support Kompanie
Combat Half-tracks
Panzergrenadier Squad
Construct Mechanized Kompanie
2.5-tonne Medical Truck
Selects Superior Fire Drills
Marder III Tank Destroyer
Selects Salvage Kits
Veteran Squad Leaders
Selects Panzer Storm
Construct Panzerarmee Kommand
Rapid Advance
Emergency Repair Kits
Бенито Снюсолини
basil.vastch
DrewP
Dillbro
0
0
Comments
sign in to comment!
No comments posted yet!